 Dungeon Crawl Stone Soup version 0.19-a0-1879-gd95bc26 (webtiles) character file.

414 Flanowski the Quickloader (level 7, -3/40 HPs)
             Began as a Kobold Hunter on Oct 14, 2016.
             Slain by a gnoll shaman
             ... wielding a +0 club
              (8 damage)
             ... on level 3 of the Dungeon.
             The game lasted 00:09:41 (4881 turns).

Flanowski the Quickloader (Kobold Hunter)           Turns: 4881, Time: 00:09:42

Health: -3/40      AC:  6    Str: 12    XL:     7   Next: 14%
Magic:  7/7        EV: 15    Int: 12    God:
Gold:   218        SH:  0    Dex: 17    Spells: 0 memorised, 6 levels left

rFire  . . .     SeeInvis .     w - +3 spear
rCold  . . .     Gourm    .     c - +0 leather armour
rNeg   . . .     Faith    .     (shield restricted)
rPois  .         Spirit   .     y - +2 helmet
rElec  +         Dismiss  +     (no cloak)
rCorr  .         Reflect  .     (no gloves)
MR     .....     Harm     .     (no boots)
Stlth  ++........               t - amulet of dismissal
                                (no ring)
                                (no ring)

@: no status effects
A: carnivore 3, electricity resistance, strong 1, wild magic 1
a: no special abilities


You were on level 3 of the Dungeon.
You were very full.

You visited 1 branch of the dungeon, and saw 4 of its levels.

You collected 218 gold pieces.

Inventory:

Hand Weapons
 a - a +1 hand crossbow
 w - a +3 spear (weapon)
Armour
 c - a +0 leather armour (worn)
 y - a +2 helmet (worn)
Jewellery
 t - an amulet of dismissal (around neck)
Scrolls
 e - 5 scrolls of teleportation {unknown}
 g - a scroll of fog {unknown}
 h - 2 scrolls of remove curse {unknown}
 i - 3 scrolls of enchant armour {unknown}
 k - 2 scrolls of noise {unknown}
 l - a scroll of magic mapping {unknown}
 m - a scroll of blinking {unknown}
 r - 9 scrolls of identify {unknown}
 z - a scroll of random uselessness {unknown}
Potions
 j - 3 potions of flight
 n - a potion of curing
 o - a potion of cure mutation
 s - 3 potions of haste {unknown}
 u - a potion of agility {unknown}
 v - 2 potions of beneficial mutation {unknown}
Comestibles
 f - 2 meat rations
 p - 2 beef jerkies
 q - a royal jelly
 x - a slice of pizza


   Skills:
 - Level 2.1 Fighting
 + Level 9.6 Crossbows
 - Level 2.4 Dodging
 - Level 1.3 Stealth


You had 6 spell levels left.
You didn't know any spells.

Dungeon Overview and Level Annotations

Branches:
Dungeon (4/15)
 Temple: D:4-7

Altars:


Innate Abilities, Weirdness & Mutations

You are small and have problems with some larger weapons.
You are carnivorous and can eat meat at any time.
You are resistant to electric shocks. (rElec)
Your muscles are strong. (Str +2)
Your spells are a little harder to cast, but a little more powerful.


Message History

You hit the gnoll shaman.
The gnoll shaman is heavily wounded.
The gnoll shaman hits you but does no damage.
You hit the gnoll shaman.
The gnoll shaman is severely wounded.
The gnoll shaman mumbles some strange prayers to its god.
The gnoll shaman is healed somewhat.
You hit the gnoll shaman but do no damage.
The gnoll shaman is heavily wounded.
The gnoll shaman misses you.
You hit the gnoll shaman but do no damage.
The gnoll shaman is heavily wounded.
The gnoll shaman closely misses you.
You barely miss the gnoll shaman.
The gnoll shaman is heavily wounded.
The gnoll shaman hits you with a club.
* * * LOW HITPOINT WARNING * * *
You are no longer glowing.
The gnoll shaman hits you with a club!
You die...

....# #.# #.).# # ###.#### #.#
####)..# #
.......###.########(...).# #
.##.##...........##.##)..###
###.######>#####.##.#......####
###.# #.........)..........#
....# #.##.##.#....#..#.##.###
##### #.##.##.#.#.....#...(...
#......@#.......#.##.##.
#.#####g####.........##.
#.#####.# ###.########.
#.....>.# #.....##.....
#######.# #.....##.#### #.#
#.....##.# ####.# #...).##รท#
#....# #.....##)#### #....#
########.....


You could see a gnoll shaman.

Vanquished Creatures
  A scorpion (D:4)
  A bullfrog skeleton (D:4)
  2 orc wizards (D:3)
  6 adders
  10 gnolls
  4 worms
  4 dart slugs
  A leopard gecko (D:3)
  9 orcs
  14 bats
  4 giant cockroaches
  10 goblins
  13 hobgoblins
  3 jackals (D:3)
  9 kobolds
  5 quokkas
  A ball python (D:2)
  5 frilled lizards
  7 rats
109 creatures vanquished.

Notes
Turn   | Place    | Note
-------+----------+-------------------------------------------
     0 | D:1      | Flanowski the Kobold Hunter began the quest for the Orb.
     0 | D:1      | Reached XP level 1. HP: 12/12 MP: 1/1
    48 | D:1      | Reached skill level 5 in Crossbows
   180 | D:1      | Reached XP level 2. HP: 11/17 MP: 2/2
  1008 | D:2      | Reached XP level 3. HP: 17/21 MP: 3/3
  1153 | D:2      | Reached skill level 6 in Crossbows
  1623 | D:2      | Reached XP level 4. HP: 16/26 MP: 4/4
  2016 | D:2      | Gained mutation: You are clumsy. (Dex -2) [potion of mutation]
  2016 | D:2      | Gained mutation: Your magical capacity is low. (-10% MP) [potion of mutation]
  2016 | D:2      | Gained mutation: You are weak. (Str -2) [potion of mutation]
  2017 | D:2      | Lost mutation: You are weak. (Str -2) [potion of cure mutation]
  2017 | D:2      | Lost mutation: Your magical capacity is low. (-10% MP) [potion of cure mutation]
  2017 | D:2      | Lost mutation: You are clumsy. (Dex -2) [potion of cure mutation]
  2571 | D:2      | Reached skill level 7 in Crossbows
  2653 | D:3      | Reached XP level 5. HP: 21/30 MP: 5/5
  3192 | D:3      | Reached skill level 8 in Crossbows
  3518 | D:3      | Reached XP level 6. HP: 17/35 MP: 6/6
  3746 | D:3      | Reached skill level 9 in Crossbows
  4013 | D:3      | Gained mutation: You are resistant to electric shocks. (rElec) [potion of mutation]
  4013 | D:3      | Gained mutation: Your muscles are strong. (Str +2) [potion of mutation]
  4013 | D:3      | Gained mutation: Your spells are a little harder to cast, but a little more powerful. [potion of mutation]
  4250 | D:4      | Reached XP level 7. HP: 16/40 MP: 7/7
  4881 | D:3      | Slain by a gnoll shaman

Vault maps used:
D:1:      dpeg_arrival_rooms_c
D:2:      cheibrodos_greedy_goblins, first_bread
D:4:      uniq_duvessa

Skill      XL: |  1  2  3  4  5  6 |
---------------+-------------------+-----
Crossbows      | 5 6 7 8 9 |  9.6
Fighting       | |  2.1
Dodging        | |  2.4
Stealth        | |  1.3

Action                   |  1- 3 |  4- 6 |  7- 9 || total
-------------------------+-------+-------+-------++-------
Melee: Short sword       |   135 |   274 |       ||   409
       Spear             |       |    66 |    23 ||    89
 Fire: Hand crossbow     |       |    49 |    17 ||    66
  Use: Potion            |       |     5 |       ||     5
 Stab: Sleeping          |     2 |     5 |       ||     7
  Eat: Chunk             |    11 |     9 |       ||    20
Armor: Leather armour    |    42 |   118 |     4 ||   164
Dodge: Dodged            |   124 |   325 |    20 ||   469
